 Dungeon Crawl Stone Soup version 0.28.0-1-gb440e238dd (webtiles) character file.

Game seed: 9959900563128114823

11 ReploidZero the Conjurer (level 2, 0/20 HPs)
             Began as a Draconian Conjurer on Feb 21, 2022.
             Slain by a hobgoblin (1 damage)
             ... on level 1 of the Dungeon.
             The game lasted 00:01:30 (367 turns).

ReploidZero the Conjurer (Draconian Conjurer)        Turns: 367, Time: 00:01:31

Health: 0/20       AC:  4    Str:  9    XL:     2   Next: 13%
Magic:  0/5        EV: 12    Int: 18    God:
Gold:   0          SH:  0    Dex:  9    Spells: 4/5 levels left

rFire   . . .      SeeInvis .   b - +0 dagger
rCold   . . .      Faith    .   (no shield)
rNeg    . . .      Spirit   .   (armour unavailable)
rPois   .          Reflect  .   (helmet restricted)
rElec   .          Harm     .   (no cloak)
rCorr   .          Rampage  .   (no gloves)
Will    .....                   (no boots)
Stlth   ++........              (no amulet)
HPRegen 0.06/turn               (no ring)
MPRegen 0.09/turn               (no ring)

@: no status effects
A: AC +4, unfitting armour, cold-blooded
a: no special abilities


You were on level 1 of the Dungeon.
You visited 1 branch of the dungeon, and saw 1 of its levels.

Inventory:

Hand Weapons
 b - a +0 dagger (weapon)
Scrolls
 c - a scroll of enchant weapon {unknown}


   Skills:
 - Level 1.7 Dodging
 - Level 1.7 Stealth
 + Level 2.3 Spellcasting
 + Level 4.2 Conjurations


You had 4 spell levels left.
You knew the following spells:

 Your Spells              Type           Power      Damage    Failure   Level
a - Magic Dart            Conj           68%        1d6       3%          1

Your spell library contained the following spells:

 Spells                   Type           Power      Damage    Failure   Level
 Searing Ray              Conj           34%        2d5       4%          2
 Dazzling Flash           Conj/Hex       18%        N/A       22%         3
 Fulminant Prism          Conj/Hex       4%         3d6       58%         4
 Iskenderun's Mystic Bla  Conj/Tloc      9%         2d4       58%         4


Dungeon Overview and Level Annotations

Branches:
Dungeon (1/15)

Altars:

Shops:
D:1 :(?(


Innate Abilities, Weirdness & Mutations

Your plain brown scales are hard. (AC +4)
You cannot fit into any form of body armour.
You are cold-blooded and may be slowed by cold attacks.


Message History

The ball python closely misses you. The ball python constricts you.
The ball python bites you but does no damage.
The ball python constricts you.
You closely miss the ball python.
The ball python is severely wounded.
The ball python bites you but does no damage.
The ball python constricts you.
You barely miss the ball python.
The ball python is severely wounded.
The ball python closely misses you. The ball python constricts you.
You barely miss the ball python. You tail-slap the ball python.
You kill the ball python!
You hit the hobgoblin but do no damage. The hobgoblin closely misses you.
You hit the hobgoblin but do no damage. The hobgoblin hits you.
* * * LOW HITPOINT WARNING * * *
You closely miss the hobgoblin. The hobgoblin misses you.
You barely miss the hobgoblin. The hobgoblin barely misses you.
You barely miss the hobgoblin.
You tail-slap the hobgoblin, but do no damage.
The hobgoblin hits you.
* * * LOW HITPOINT WARNING * * *
You hit the hobgoblin but do no damage. You tail-slap the hobgoblin.
The hobgoblin is heavily wounded.
The hobgoblin hits you.
* * * LOW HITPOINT WARNING * * *
Unknown command.
Aiming: Magic Dart (safe; 3% risk of failure)
Press: ? - help, Q - select action Shift-Dir - straight line, f - hobgoblin
Aim: a hobgoblin (heavily wounded, 100% to hit)
The magic dart hits the hobgoblin but does no damage.
The hobgoblin is heavily wounded.
The hobgoblin hits you.
* * * LOW HITPOINT WARNING * * *
Unknown command.
You aren't carrying any potions.
Okay, then.
As you read the scroll labelled ZEDDEO ENE MUE, it crumbles to dust.
You feel aware of your surroundings.
It was a scroll of magic mapping.
The hobgoblin hits you.
You die...

*,*,**
*,***#.##...##)#
#.# *,*,******,*
#..##g##..# #.#
*,*,,,,,,,,*
*#........#######..
*,*,********
#.######....).....
*,*,* #.#
###########.
,*,,***** #.#
###....# ##
***,,,,,*
#.###...##.## #
,*,,***,*
#g##..####..##***#
*,*,* *,* #@#..##
##.<#,,,. ,,,,* *,*
###.## #..#***#
***,* *,* #..#
*#.## # *,* *,*
#.## *#..# # *,*
*,* #..##*##...# *
*,* *,*
#...##....## ** *,*
*,* #).......#* *,
*.###.#####
#.......#*** *,
*...≈≈≈...#
#..#..#..,,*****,


You could see a hobgoblin.

Vanquished Creatures
  2 endoplasms (D:1)
  2 goblins (D:1)
  A hobgoblin (D:1)
  3 kobolds (D:1)
  A ball python (D:1)
  A frilled lizard (D:1)
10 creatures vanquished.

Notes
Turn   | Place    | Note
-------+----------+-------------------------------------------
     0 | D:1      | ReploidZero the Draconian Conjurer began the quest for the
                  | Orb.
     0 | D:1      | Reached XP level 1. HP: 14/14 MP: 3/3
   122 | D:1      | Found Mubbeiwna's Antique Weapon Boutique.
   149 | D:1      | Found Daxamus's Book Emporium.
   255 | D:1      | Found Ankixa's Antique Weapon Shoppe.
   326 | D:1      | Reached XP level 2. HP: 8/20 MP: 1/5
   328 | D:1      | Found Solo's Magic Scroll Shop.
   364 | D:1      | HP: 1/20 [hobgoblin (1)]
   367 | D:1      | Slain by a hobgoblin

Illustrated notes

Levels and vault maps discovered:
D:1:      dpeg_arrival_round_b, layout_loops_ring, serial_shops, shop, shop,
          nicolae_shop_waterfront, nicolae_shop_competitors_out_of_business,
          minmay_misc_feat_roman, st_stairs_13, minmay_box_of_dots

Action                   || total
-------------------------++-------
Melee: Dagger            ||    19
       Unarmed           ||     7
       Tailslap          ||     7
 Cast: Magic Dart        ||    15
  Use: Scroll            ||     1
Armor: Skin              ||    10
Dodge: Dodged            ||    19
